Map: Backwater LE

Players

Ifiwereasoup

  • Race: Protoss Protoss
  • League: Platinum
  • Spawn Location: 5:00

llllllllllll - Winner!

  • Race: Protoss Protoss
  • Spawn Location: 11:00

VOD

Have the link to the VOD?

Description

jmaring 21 p v p on backwater

Time

  • Played on: May 2, 2018, 1:12 a.m.
  • Length: 11:25
Show
View Real Time Build Order
Export as new Build Order

Ifiwereasoup Protoss 

Build Orders: Phoenix Opening 

Get SALT Encoding   

  12  0:01  Probe  
  13  0:13  Probe  
  14  0:17  Pylon  
  14  0:24  Probe  
  15  0:34  Probe  
  15  0:38  Gateway  
  16  0:44  Probe  
  16  0:45  Assimilator  
  17  0:55  Assimilator  
  17  0:57  Probe  
  18  1:10  Gateway  
  18  1:14  Probe  
  19  1:25  Cybernetics Core  
  19  1:27  Probe  
  20  1:39  Probe  
  21  1:43  Pylon  
  21  1:51  Probe  
  21  1:53  Adept  
  22  1:54  Adept  
  22  2:07  Warp Gate  
  26  2:09  Probe  
  27  2:16  Pylon  
  27  2:26  Stalker  
  27  2:28  Stalker  
  31  2:36  Shield Battery  
  31  2:42  Probe  
  31  3:07  Probe  
  30  3:14  Stargate  
  30  3:19  Probe  
  31  3:27  Nexus  
  31  3:29  Pylon  
  31  3:40  Stalker  
  33  3:44  Stalker  
  35  3:51  Shield Battery  
  35  3:59  Phoenix  
  37  4:06  Probe  
  38  4:16  Phoenix  
  38  4:28  Stalker  
  38  4:29  Stalker  
  44  4:34  Phoenix  
  44  4:45  Probe  
  47  4:54  Phoenix  
  49  5:06  Zealot  
  51  5:07  Zealot  
  51  5:10  Probe  
  51  5:11  Phoenix  
  54  5:19  Probe  
  57  5:22  Probe  
  58  5:31  Probe  
  58  5:34  Probe  
  58  5:35  Phoenix  
  60  5:38  Pylon  
  62  5:54  Robotics Facility  
  62  5:56  Probe x2  
  64  6:08  Assimilator, Probe x2  
  64  6:09  Zealot x2  
  70  6:20  Pylon  
  70  6:31  Immortal  
  70  6:45  Probe x2  
  76  6:57  Probe  
  77  7:06  Probe  
  78  7:14  Probe  
  78  7:15  Pylon  
  77  7:16  Pylon  
  77  7:33  Pylon, Immortal  
  77  7:34  Pylon, Zealot x2  
  85  7:37  Pylon  
  85  7:43  Probe  
  86  7:45  Gateway  
  86  7:46  Gateway  
  86  7:47  Probe  
  86  7:48  Gateway  
  86  7:50  Gateway  
  87  7:55  Probe  
  88  7:59  Probe  
  89  8:07  Probe, Immortal, Zealot x2  
  89  8:11  Probe  
  95  8:12  Twilight Council  
  95  8:19  Probe, Nexus  
  100  8:21  Pylon  
  100  8:22  Pylon  
  100  8:27  Probe  
  100  8:28  Assimilator  
  101  8:47  Charge  
  101  8:48  Immortal  
  101  8:55  Zealot x6  
  113  8:59  Probe  
  118  9:20  Immortal  
  118  9:31  Zealot x6  
  86  9:52  Zealot x6  
  55  10:15  Zealot  
  55  10:16  Zealot x5  
  59  10:39  Zealot x6  
  46  10:59  Zealot x6  
  51  11:07  Probe  
Show
View Real Time Build Order
Export as new Build Order

llllllllllll Protoss - Winner!

Build Orders: Blink Stalkers 

Get SALT Encoding   

  12  0:01  Probe  
  13  0:13  Probe  
  14  0:17  Pylon  
  14  0:24  Probe  
  15  0:32  Probe  
  15  0:40  Probe, Gateway  
  16  0:46  Assimilator  
  17  0:51  Probe  
  17  0:55  Assimilator  
  18  1:03  Probe  
  19  1:08  Gateway  
  19  1:11  Probe  
  20  1:19  Probe  
  21  1:27  Cybernetics Core  
  21  1:30  Probe  
  22  1:38  Pylon  
  22  1:42  Probe  
  23  1:54  Warp Gate  
  23  1:58  Probe  
  24  2:03  Stalker x2  
  28  2:14  Pylon  
  28  2:33  Stalker x2  
  32  2:43  Twilight Council  
  32  2:53  Pylon  
  31  3:08  Sentry  
  31  3:17  Sentry  
  35  3:21  Nexus  
  35  3:23  Shield Battery  
  35  3:29  Blink  
  35  3:36  Shield Battery  
  35  3:40  Pylon  
  35  3:44  Shield Battery  
  35  3:53  Probe  
  36  4:01  Robotics Facility  
  36  4:07  Probe  
  37  4:14  Pylon  
  37  4:19  Probe  
  37  4:20  Stalker  
  40  4:27  Stalker  
  40  4:30  Probe  
  42  4:33  Probe  
  44  4:43  Forge  
  44  4:46  Probe  
  44  4:50  Probe  
  46  4:58  Observer, Probe  
  48  5:02  Probe  
  49  5:08  Stalker  
  49  5:09  Stalker  
  49  5:10  Probe  
  54  5:18  Protoss Ground Weapons Level 1  
  54  5:23  Gateway  
  54  5:27  Gateway  
  54  5:36  Stalker  
  54  5:37  Probe  
  54  5:38  Probe  
  58  5:42  Stalker  
  58  5:45  Probe  
  61  5:50  Charge, Probe  
  61  5:53  Probe  
  62  6:02  Probe  
  64  6:04  Probe  
  65  6:14  Pylon  
  65  6:15  Nexus  
  65  6:17  Probe x2  
  67  6:29  Stalker  
  67  6:32  Immortal  
  69  6:34  Probe x2  
  69  6:36  Pylon  
  71  6:46  Probe x2  
  77  6:48  Pylon  
  75  6:58  Probe, Stalker x2  
  80  7:01  Probe  
  80  7:02  Pylon  
  81  7:10  Probe  
  82  7:21  Probe  
  82  7:22  Gateway  
  83  7:25  Gateway  
  83  7:28  Probe  
  83  7:29  Probe  
  83  7:32  Probe  
  83  7:35  Pylon  
  83  7:37  Probe  
  86  7:38  Pylon  
  87  7:44  Gateway  
  87  7:46  Gateway  
  87  7:49  Pylon  
  86  7:51  Pylon  
  86  7:56  Pylon  
  86  7:58  Probe x2, Zealot  
  84  7:59  Zealot  
  84  8:01  Zealot  
  90  8:07  Warp Prism  
  90  8:08  Observer  
  92  8:19  Gateway  
  92  8:20  Gateway  
  92  8:21  Pylon  
  92  8:24  Zealot  
  92  8:25  Zealot  
  96  8:30  Zealot  
  96  8:31  Zealot  
  96  8:32  Gateway, Zealot  
  102  8:37  Gateway  
  102  8:40  Zealot  
  104  8:43  Probe  
  104  8:44  Probe  
  104  8:45  Probe  
  96  9:00  Probe x2  
  96  9:02  Photon Cannon  
  97  9:13  Zealot x2  
  97  9:14  Zealot x5  
  104  9:34  Zealot x5  
  104  9:35  Zealot x2  
  104  9:36  Zealot  
  88  9:51  Zealot x3  
  82  9:56  Zealot x4  
  78  10:03  Warp Prism  
  76  10:10  Probe x3  
  79  10:22  Probe  
  79  10:24  Templar Archives  
  79  10:25  Probe x2  
  79  10:26  Zealot x4  
  90  10:34  Assimilator, Probe  
  85  10:38  Assimilator  
  83  10:52  Probe  
  83  10:54  Probe x2  
  78  11:00  Probe  
  66  11:06  Probe x2  
  66  11:09  High Templar  
  66  11:10  High Templar x3  
  66  11:11  High Templar x3  
  79  11:12  High Templar, Zealot x2  
  79  11:13  Zealot  
  79  11:14  Archon x2  
  79  11:15  Archon x2  
  90  11:21  Assimilator x2  
Tags
 
Composition
Blink Stalkers
League
Platinum
Matchup
PvP
Spawn Locations
Cross Positions
Add a new tag
Caveats
  • Supply blocks, unpowered buildings, or Contaminate may cause inaccurate times.
  • Supply counts are checked every 10 seconds.